 Dungeon Crawl Stone Soup version 0.28-a0-1159-g27aa881441 (webtiles) character file.

Game seed: 4336644444697909023

424 BinkBink the Slasher (level 7, 0/52 HPs)
             Began as a Formicid Monk on Dec 15, 2021.
             Was a Priest of the Shining One.
             Succumbed to a scorpion's poison
             ... on level 5 of the Dungeon.
             The game lasted 00:08:21 (5467 turns).

BinkBink the Slasher (Formicid Monk)                Turns: 5467, Time: 00:08:22

Health: 0/52       AC:  5    Str: 15 (18) XL:     7   Next: 17%
Magic:  7/7        EV: 13    Int:  7 (9)  God:    the Shining One [***...]
Gold:   180        SH:  0    Dex: 12 (15) Spells: 6/6 levels left

rFire   . . .      SeeInvis +   a - +1 falchion
rCold   + . .      Faith    .   (no shield)
rNeg    + . .      Spirit   +   b - +0 robe
rPois   .          Reflect  .   (helmet unavailable)
rElec   .          Harm     .   (no cloak)
rCorr   .          Rampage  .   (no gloves)
Will    .....                   g - +0 pair of boots
Stlth   +.........              d - amulet of guardian spirit
HPRegen 0.17/turn               (no ring)
MPRegen 0.10/turn               (no ring)

@: lethally poisoned (0 -> -2), weak-willed, glowing
A: permanent stasis, dig shafts and tunnels, antennae 3, four strong arms,
iridescent scales 1, cold resistance 1, strong 1
a: Dig, Shaft Self, Renounce Religion, Divine Shield, Cleansing Flame


You were on level 5 of the Dungeon.
You worshipped the Shining One.
The Shining One was most pleased with you.
You visited 1 branch of the dungeon, and saw 5 of its levels.

You collected 180 gold pieces.

Inventory:

Hand Weapons
 a - a +1 falchion (weapon)
Armour
 b - a +0 robe (worn)
 g - a +0 pair of boots (worn)
 k - a +0 tower shield
 m - a +2 tower shield
 p - a +0 scale mail
Jewellery
 d - an amulet of guardian spirit (around neck)
Wands
 o - a wand of digging (5)
Scrolls
 c - 3 scrolls of identify
 i - a scroll of torment
Potions
 f - a potion of magic


   Skills:
 - Level 3.2 Fighting
 + Level 4.6 Long Blades
 + Level 3.6 Armour
 + Level 4.2 Dodging
 - Level 2.4 Stealth
 + Level 3.2 Shields


You had 6 spell levels left.
You didn't know any spells.
Your spell library contained the following spells:

 Spells                   Type           Power      Damage    Failure   Level
 Animate Skeleton         Necr           0%         N/A       43%         1
 Apportation              Tloc           0%         N/A       43%         1
 Magic Dart               Conj           0%         1d3       43%         1
 Sting                    Tmut/Pois      0%         1d3       43%         1
 Summon Small Mammal      Summ           0%         N/A       43%         1
 Corpse Rot               Necr/Air       0%         N/A       56%         2
 Poisonous Vapours        Pois/Air       0%         N/A       56%         2
 Searing Ray              Conj           0%         2d4       56%         2
 Dispel Undead            Necr           0%         3d6       99%         4
 Fulminant Prism          Conj/Hex       0%         3d6       99%         4
 Olgreb's Toxic Radiance  Pois           0%         N/A       99%         4
 Death Channel            Necr           0%         N/A       100%        6


Dungeon Overview and Level Annotations

Branches:
Dungeon (5/15)             Temple (0/1) D:4

Altars:
Elyvilon
Makhleb
Uskayaw
The Shining One

Shops:
D:1 [   D:4 *

Annotations:
D:5 Dwachs's ghost, novice FoFi


Innate Abilities, Weirdness & Mutations

You cannot be hasted, slowed, berserked, paralysed or teleported.
You can dig through walls and to a lower floor.
You have a pair of large antennae on your head. (SInv)
Your four strong arms can wield two-handed weapons with a shield.
You are partially covered in iridescent scales. (AC +2)
Your flesh is cold resistant. (rC+)
Your muscles are strong. (Str +2)


Message History

The scorpion poisons you! The scorpion stings you.
You hit the scorpion.
You kill the scorpion!
* * * LOW HITPOINT WARNING * * *
You feel very sick.
Unknown command.
It was a potion of degeneration.
There was something very wrong with that liquid.
You feel weakened.
You feel dopey.
You feel clumsy.
* * * LOW HITPOINT WARNING * * *
You feel very sick.
As you read the scroll labelled NIBBECEPIM, it crumbles to dust.
Magic quickly surges around you.
It was a scroll of vulnerability.
* * * LOW HITPOINT WARNING * * *
You feel very sick.
Okay, then.
Okay, then.
Magic courses through your body.
* * * LOW HITPOINT WARNING * * *
You feel sick.
Activating: Cleansing Flame (83% risk of failure)
Press: ? - help, Dir - look around, f - activate
Okay, then.
Okay, then.
* * * LOW HITPOINT WARNING * * *
You feel sick.
* * * LOW HITPOINT WARNING * * *
You feel sick.
* * * LOW HITPOINT WARNING * * *
You feel sick.
Okay, then.
There is a lethal amount of poison in your body!
Aiming: Dig
Press: ? - help, Shift-Dir - straight line A rock wall.
This square is lit by a halo.
The rock shatters into small pieces.
* * * LOW HITPOINT WARNING * * *
You feel sick.
You die...

####..##..##
......###..###.### #.
............ ..... ..
.##......... ..#.# #.
##..#####. ...#.. { .#
#..## #..#. ...#...##
#... ........## #..#
.........######.@#####.#.
......(.....<.....†......
.........#.##.#.######.##
.#......##.##.#.# {
.#......#...#.#.#
............#.#.#
.##.....#...#....
#.....#######.. ######
###


There were no monsters in sight!

Vanquished Creatures
  A phantom (D:5)
  2 scorpions
  A jelly (D:5)
  A centaur skeleton (D:5)
  An iguana (D:5)
  3 hound skeletons
  3 adders
  An ufetubus (D:5)
  An adder skeleton (D:4)
  A dart slug (D:2)
  4 orcs (D:4)
  5 bats
  8 endoplasms
  A giant cockroach (D:1)
  4 goblins
  4 hobgoblins
  6 jackals (D:2)
  4 quokkas (D:4)
  5 ball pythons
  A frilled lizard (D:1)
  4 kobolds
  7 rats
68 creatures vanquished.

Vanquished Creatures (others)
  43 plants (D:4)
43 creatures vanquished.

Grand Total: 111 creatures vanquished

Notes
Turn   | Place    | Note
-------+----------+-------------------------------------------
     0 | D:1      | BinkBink the Formicid Monk began the quest for the Orb.
     0 | D:1      | Reached XP level 1. HP: 18/18 MP: 1/1
   153 | D:1      | Found Teingedi's Antique Armour Emporium.
   180 | D:1      | Reached XP level 2. HP: 7/24 MP: 2/2
   424 | D:1      | Reached skill level 1 in Armour
  1060 | D:2      | Reached XP level 3. HP: 26/29 MP: 3/3
  1772 | D:2      | Found a hide-covered altar of Uskayaw.
  2346 | D:2      | Reached XP level 4. HP: 35/35 MP: 4/4
  2509 | D:2      | Found a faded altar of an unknown god.
  2512 | D:2      | Prayed at the altar of an unknown god.
  2512 | D:2      | Became a worshipper of the Shining One
  2512 | D:2      | Reached * piety under the Shining One
  2512 | D:2      | Reached ** piety under the Shining One
  3474 | D:4      | Found a burning altar of Makhleb.
  3474 | D:4      | Noticed a scorpion
  3517 | D:4      | Reached skill level 1 in Shields
  3526 | D:4      | Gained mutation: You are partially covered in iridescent
                  | scales. (AC +2) [potion of mutation]
  3526 | D:4      | Gained mutation: Your flesh is cold resistant. (rC+)
                  | [potion of mutation]
  3526 | D:4      | Gained mutation: Your muscles are strong. (Str +2) [potion
                  | of mutation]
  3828 | D:4      | Reached XP level 5. HP: 35/41 MP: 3/5
  4198 | D:4      | Found a staircase to the Ecumenical Temple.
  4460 | D:4      | Found Cus Gaimp's Lightly-Used Armoury.
  4893 | D:5      | Entered Level 5 of the Dungeon
  4950 | D:5      | Reached XP level 6. HP: 32/47 MP: 3/6
  5092 | D:5      | Reached *** piety under the Shining One
  5161 | D:5      | Found a white marble altar of Elyvilon.
  5216 | D:5      | Noticed Dwachs's ghost (novice FoFi)
  5395 | D:5      | Reached XP level 7. HP: 43/52 MP: 5/7
  5465 | D:5      | HP: 2/52 [poisoned by a scorpion]
  5467 | D:5      | Succumbed to a scorpion's poison

Illustrated notes

Levels and vault maps discovered:
D:1:      evilmike_arrival_hilbert_curve, layout_basic, serial_shops,
          nicolae_square_shop, minmay_tiny_reverse_x
D:2:      layout_basic, basic_altar, shapermc_ecumenical_altar_mp_vishouse
D:3:      layout_loops_ring
D:4:      wad_woods_stonehenge, layout_loops_ring,
          minmay_temple_entry_offerings, minmay_shop_damaged
D:5:      layout_loops_ring, elyvilon_altar_1,
          lemuel_mausoleum_altar_kikubaaqudgha, gammafunk_ghost_hive,
          minmay_between

Skill      XL: |  1  2  3  4  5  6 |
---------------+-------------------+-----
Armour         | 1 2 3 |  3.6
Dodging        | 3 4 |  4.2
Shields        | 1 2 3 |  3.2
Long Blades    | 4 |  4.6
Fighting       | |  3.2
Stealth        | |  2.4

Action                   |  1- 3 |  4- 6 |  7- 9 || total
-------------------------+-------+-------+-------++-------
Melee: Falchion          |   118 |   135 |     7 ||   260
Evoke: Wand              |       |       |     1 ||     1
  Use: Potion            |       |     5 |     2 ||     7
       Scroll            |       |     3 |     1 ||     4
 Stab: Sleeping          |     8 |       |       ||     8
Armor: Robe              |    33 |    32 |       ||    65
       Skin              |       |     6 |       ||     6
Dodge: Dodged            |   121 |    95 |     1 ||   217

Table legend: (Time is in decaauts)
 A = Elapsed time spent in this place.
 B = Non-inter-level travel time spent in this place.
 C = Inter-level travel time spent in this place.
 D = Time resting spent in this place.
 E = Time spent auto-exploring this place.
 F = Levels seen in this place.
 G = Mean time per level.
                   A        B        C        D        E       F      G
               +--------+--------+--------+--------+--------+-----+--------+
         Total |   5502 |   5346 |    156 |      0 |   4542 |   5 | 1100.4 |
       Dungeon |   5502 |   5346 |    156 |      0 |   4542 |   5 | 1100.4 |
               +--------+--------+--------+--------+--------+-----+--------+

Top non-repeatable levels by time:
     D:2: 1592 daAuts
     D:3: 1261 daAuts
     D:4: 1061 daAuts
     D:1: 1010 daAuts
     D:5: 577 daAuts
